cohdb
Replays
Latest Replays
All Replays
Popular Replays
Top Player Replays
Match Explorer
How It Works
Community
CoH3 Stats
Reddit
Sign in to upload your games and track your stats! →
Sign in with Steam
Match 42321139
Unlisted
Match 42321139
Overview
Messages
Build Orders
End
Royal Engineer Section
Construct Section Command Post
Selects Heavy Armor Battlegroup
Selects Heavy Armor Battlegroup
Dingo Light Scout Car
Infantry Section
Infantry Section
Construct Field Infirmary
ML 3-inch Mortar Team
Construct Platoon Command Post
Grenade Package
Selects Engineer Detachments
Selects Forward Repair Assembly
Selects UNKNOWN (2162094)
Humber Armored Car
Infantry Section
incel_incinerat0r
GodFearer777xboxlive
Hammerdon
Tuba
0
0
Comments
sign in to comment!
No comments posted yet!